[Event "Late-Titled-Tuesday-Blitz-September-12-2023"]
[Site "Chess.com"]
[Date "2023.09.12"]
[Round "5"]
[White "arminmusovic"]
[Black "Garmendiarov"]
[Result "1-0"]
[WhiteElo "2535"]
[BlackElo "2354"]
[TimeControl "180+1"]
[EndTime "14:52:00 PDT"]
[Termination "arminmusovic won by checkmate"]

1. a3 d5 2. Nc3 e5 3. d4 e4 4. Bf4 Nf6 5. Be5 Nc6 6. Nb5 Bd6 7. Nxd6+ cxd6 8. Bxf6 Qxf6 9. e3 O-O 10. Ne2 Bg4 11.
h3 Bh5 12. g4 Bg6 13. Nf4 Ne7 14. h4 h6 15. Bg2 Rac8 16. c3 Bh7 17. Qb3 Kh8 18.
g5 hxg5 19. hxg5 Qxg5 20. O-O-O Ng6 21. Rh5 Qg4 22. Rdh1 Rc4 23. Nxd5 b5 24. Rxh7+ Kg8 25. Rh8+ Nxh8 26. Ne7# 1-0

[Event "Late-Titled-Tuesday-Blitz-September-12-2023"]
[Site "Chess.com"]
[Date "2023.09.12"]
[Round "5"]
[White "Tunahan_Makaraci"]
[Black "CrushingKings"]
[Result "1-0"]
[WhiteElo "2335"]
[BlackElo "2507"]
[TimeControl "180+1"]
[EndTime "14:52:00 PDT"]
[Termination "Tunahan_Makaraci won on time"]

1. e4 g6 2. d4 Bg7 3. Nc3 c6 4. h3 d5 5. Nf3 dxe4 6. Nxe4 Nf6 7. Ng3 O-O 8. Bd3 Nbd7 9. O-O c5 10. c3 cxd4 11.
cxd4 Nb6 12. Re1 Be6 13. Bg5 h6 14. Be3 Nfd5 15. Qd2 Nxe3 16. fxe3 Nc4 17. Bxc4 Bxc4 18. b3 Be6 19. Rac1 Qb6 20. Ne4 Rad8 21. Nc5 Bd5 22. Qf2 f5 23. Nd3 g5 24. Nfe5 Be4 25. Rc3 Bxd3 26.
Nxd3 Rxd4 27. Nc5 Rd6 28. Rc4 f4 29. exf4 gxf4 30. Rxe7 Rd1+ 31. Kh2 Qg6 32. Rxf4 Rxf4 33. Qxf4 Bf6 34. Qb8+ 1-0

[Event "Late-Titled-Tuesday-Blitz-September-12-2023"]
[Site "Chess.com"]
[Date "2023.09.12"]
[Round "5"]
[White "ZuraTqebuchava"]
[Black "Ducke13"]
[Result "0-1"]
[WhiteElo "2261"]
[BlackElo "2511"]
[TimeControl "180+1"]
[EndTime "14:52:01 PDT"]
[Termination "Ducke13 won on time"]

1. e4 c5 2. Nf3 d6 3. Bb5+ Nd7 4. O-O a6 5. Bxd7+ Bxd7 6. h3 e6 7. c3 Ne7 8. d4 Ng6 9. dxc5 dxc5 10. Be3 Bc6 11.
Qxd8+ Rxd8 12. Nbd2 Be7 13. a4 O-O 14. a5 Rd7 15. Rfe1 Rfd8 16. g3 h6 17. h4 h5 18.
Nb3 Bxe4 19. Ng5 Bc6 20. Nxc5 Rd5 21. Nb3 Rb5 22. Nd4 Rxb2 23. Reb1 Rxb1+ 24. Rxb1 Bd5 25. Nh3 Ne5 26. Nf4 Be4 27. Re1 Rxd4 0-1

[Event "Late-Titled-Tuesday-Blitz-September-12-2023"]
[Site "Chess.com"]
[Date "2023.09.12"]
[Round "5"]
[White "WPWPWP-2015"]
[Black "Kosak12"]
[Result "0-1"]
[WhiteElo "2547"]
[BlackElo "2801"]
[TimeControl "180+1"]
[EndTime "14:52:02 PDT"]
[Termination "Kosak12 won by resignation"]

1. d4 e6 2. e4 c5 3. Nf3 cxd4 4.
Nxd4 a6 5. Bd3 Bc5 6. Nb3 Ba7 7. O-O Nc6 8. c4 Nf6 9. Nc3 O-O 10. Qe2 d5 11.
Bg5 d4 12. Nb1 h6 13. Bh4 Ne5 14. N1d2 Ng6 15. Bg3 e5 16. Nf3 Re8 17. h3 Nh5 18. Qd2 Nhf4 19. Rfe1 Qf6 20. Nh2 Be6 21. Bf1 Rac8 22.
Rac1 h5 23. Be2 d3 24. Bd1 Bxc4 25. Na5 Qg5 26. Kh1 Be6 27. Rxc8 Rxc8 28. Nf3 Qf6 29. h4 Bg4 30. Nxb7 Bxf3 31. Bxf3 Qb6 32. Na5 Rc2 33. Qe3 Qxa5 34. Rd1 Bxe3 0-1

[Event "Late-Titled-Tuesday-Blitz-September-12-2023"]
[Site "Chess.com"]
[Date "2023.09.12"]
[Round "5"]
[White "Bilan_Danila"]
[Black "kleinebeer98"]
[Result "0-1"]
[WhiteElo "2561"]
[BlackElo "2821"]
[TimeControl "180+1"]
[EndTime "14:52:08 PDT"]
[Termination "kleinebeer98 won by checkmate"]

1. d4 Nf6 2. Nf3 Nc6 3. c4 e6 4. Nc3 Bb4 5. Bd2 Bxc3 6. Bxc3 Ne4 7. Qc2 f5 8. d5 exd5 9. cxd5 Ne7 10. Bxg7 Rg8 11.
Bd4 Nxd5 12. e3 c5 13. Bc4 cxd4 14. Bxd5 Qa5+ 15. Ke2 Qxd5 16. Nxd4 Rxg2 17. Raf1 Nxf2 18. Rxf2 Rxf2+ 19. Kxf2 Qxh1 20. Qxf5 Qxh2+ 21. Ke1 d5 22. Qxd5 Qh4+ 23. Kd2 Qe7 24. Qg8+ Qf8 25. Qxh7 Bd7 26.
Qe4+ Kd8 27. Qxb7 Rc8 28. Qxa7 Qb4+ 29. Kd3 Bb5+ 30. Ke4 Bc6+ 31. Kd3 Qd6 32. Qa5+ Rc7 33. Qg5+ Kc8 34. Qg8+ Qd8 35. Qe6+ Qd7 36. Qg8+ Kb7 37. Qb3+ Ka8 38. Qa3+ Kb8 39. Qb4+ Bb7 40. Qf8+ Rc8 41. Qb4 Qh7+ 42. Kd2 Qh2+ 43. Kd3 Qc7 44. a4 Ka8 45.
a5 Ba6+ 46. Kd2 Qc1# 0-1

[Event "Late-Titled-Tuesday-Blitz-September-12-2023"]
[Site "Chess.com"]
[Date "2023.09.12"]
[Round "5"]
[White "PNEPaul"]
[Black "FuenfgegenWilly"]
[Result "0-1"]
[WhiteElo "1908"]
[BlackElo "2387"]
[TimeControl "180+1"]
[EndTime "14:52:08 PDT"]
[Termination "FuenfgegenWilly won by resignation"]

1. e4 Na6 2. Nf3 c6 3. d4 d5 4. e5 Bf5 5. Bd3 g6 6. Bxf5 gxf5 7. Qd3 e6 8. c3 Ne7 9. Bg5 Qb6 10. Bxe7 Qxb2 11. Bxf8 Rxf8 12. O-O Qxa1 13. Nbd2 Qxa2 14. Ng5 Rh8 15. Qh3 Qxd2 16. Qh5 O-O-O 17. Nxf7 Rhe8 18. Nxd8 Kxd8 19. Qxh7 Nc7 20. h4 Re7 21. Qh8+ Kd7 22.
h5 Ne8 23. h6 Qg5 24. f4 Qh4 25. Rf3 a5 26. Rh3 Qe1+ 27. Kh2 a4 28. h7 a3 29. Qf8 a2 30. Qxe7+ Kxe7 31. h8=Q a1=Q 32. Qh7+ Kd8 0-1

[Event "Late-Titled-Tuesday-Blitz-September-12-2023"]
[Site "Chess.com"]
[Date "2023.09.12"]
[Round "5"]
[White "drdaro"]
[Black "zajka-molotok"]
[Result "1-0"]
[WhiteElo "2289"]
[BlackElo "2499"]
[TimeControl "180+1"]
[EndTime "14:52:09 PDT"]
[Termination "drdaro won on time"]

1. e3 c5 2. d4 d5 3. Nf3 Nc6 4. Be2 cxd4 5. exd4 Bg4 6. O-O e6 7. h3 Bh5 8. c4 dxc4 9. Bxc4 Nf6 10.
Nc3 Be7 11. d5 exd5 12. Nxd5 O-O 13. Nxe7+ Qxe7 14. Re1 Bxf3 15. gxf3 Rad8 16. Qe2 Qxe2 17. Bxe2 Nd4 18. Bd1 Rc8 19. Be3 Nc2 20. Bxc2 Rxc2 21.
Bxa7 Rxb2 22. Reb1 Rxb1+ 23. Rxb1 Rd8 24. Rxb7 h5 25.
Rb8 Rxb8 26. Bxb8 Kf8 27. a4 Nd7 28. Bd6+ Ke8 29. a5 Kd8 30. Kf1 Kc8 31. a6 g6 32.
Ke2 Nf6 33. Kd3 Nd5 34. Kd4 1-0

[Event "Late-Titled-Tuesday-Blitz-September-12-2023"]
[Site "Chess.com"]
[Date "2023.09.12"]
[Round "5"]
[White "DuleMudule"]
[Black "cthulhuuu"]
[Result "1-0"]
[WhiteElo "2768"]
[BlackElo "2489"]
[TimeControl "180+1"]
[EndTime "14:52:11 PDT"]
[Termination "DuleMudule won on time"]

1. d4 Nf6 2. Bg5 e6 3. e3 Be7 4. Nd2 b6 5. Ngf3 Bb7 6. Bxf6 Bxf6 7. Bd3 Be7 8. c3 f5 9. e4 fxe4 10. Nxe4 O-O 11. Qe2 Qe8 12. h4 Qh5 13. O-O-O a5 14. Kb1 Kh8 15. Neg5 h6 16. Bc2 Bxf3 17. Nxf3 Nc6 18.
d5 exd5 19. Qd3 g6 20. Ng5 Kg7 21. g4 Ne5 22. Qxd5 Nxg4 23. Qxd7 hxg5 24. Qxe7+ Rf7 25.
Qe4 gxh4 26. Qxa8 Nxf2 27. Rdg1 Nxh1 28. Bxg6 Rf1+ 29. Rxf1 Qxg6+ 30. Ka1 Ng3 31. Qf8+ Kh7 32. Rf7+ Qxf7 33. Qxf7+ Kh6 34. Qf4+ Kh5 35. Qxc7 Kg4 36.
Qxb6 h3 37. Qe6+ Nf5 38. b4 axb4 39. cxb4 h2 40. Qe4+ 1-0

[Event "Late-Titled-Tuesday-Blitz-September-12-2023"]
[Site "Chess.com"]
[Date "2023.09.12"]
[Round "5"]
[White "karinachess1"]
[Black "Bauman_Guy"]
[Result "0-1"]
[WhiteElo "2616"]
[BlackElo "2904"]
[TimeControl "180+1"]
[EndTime "14:52:12 PDT"]
[Termination "Bauman_Guy won on time"]

1. d4 Nf6 2. c4 b6 3. Nf3 Bb7 4. g3 g6 5. Bg2 Bg7 6. O-O O-O 7. Nc3 d6 8. Qc2 Nbd7 9. Rd1 Qc8 10. e4 e5 11. d5 a5 12. Be3 Qd8 13. h3 Bc8 14. Qd2 Nh5 15. g4 Nf4 16. Bxf4 exf4 17. Qxf4 Ne5 18. Nxe5 Bxe5 19. Qe3 g5 20. Rab1 h5 21.
gxh5 Kg7 22. Ne2 a4 23. Ng3 Qf6 24. b3 axb3 25. axb3 Ra2 26. Rf1 Rh8 27. Qf3 Qxf3 28. Bxf3 Bxh3 29. Bg2 Bd7 30. Bf3 g4 31. Bg2 Rha8 32.
Rbd1 Rb2 33. Rd3 Ra3 34. f4 Bf6 35. Re1 Rbxb3 36. Rxb3 Rxb3 37. Kh2 Bh4 0-1

[Event "Late-Titled-Tuesday-Blitz-September-12-2023"]
[Site "Chess.com"]
[Date "2023.09.12"]
[Round "5"]
[White "Abund"]
[Black "Schattman"]
[Result "1/2-1/2"]
[WhiteElo "2740"]
[BlackElo "2495"]
[TimeControl "180+1"]
[EndTime "14:52:13 PDT"]
[Termination "Game drawn by agreement"]

1. e4 c5 2. Nf3 e6 3. c3 d5 4.
exd5 Qxd5 5. d4 Nf6 6. Na3 Nbd7 7. Be3 a6 8. Nc4 b5 9. Nce5 Nxe5 10. Nxe5 cxd4 11.
Bxd4 Bb7 12. Rg1 Bc5 13. Nf3 Bxd4 14. Qxd4 O-O 15. Qxd5 Bxd5 16. Be2 Rfb8 17. a3 a5 18. Nd4 b4 19. axb4 axb4 20. Rxa8 Rxa8 21. cxb4 Ra1+ 22.
Bd1 e5 23. Nc2 Rb1 24. Ne3 Rxb2 25. Bc2 1/2-1/2

[Event "Late-Titled-Tuesday-Blitz-September-12-2023"]
[Site "Chess.com"]
[Date "2023.09.12"]
[Round "5"]
[White "jcibarra"]
[Black "DryCounty"]
[Result "1-0"]
[WhiteElo "2933"]
[BlackElo "2661"]
[TimeControl "180+1"]
[EndTime "14:52:14 PDT"]
[Termination "jcibarra won by resignation"]

1. e4 e5 2. Nf3 Nc6 3. Nc3 Nf6 4. h3 Be7 5. d4 exd4 6. Nxd4 O-O 7. Nxc6 bxc6 8. e5 Ne8 9. Bd3 f6 10. exf6 Nxf6 11.
O-O d5 12. Na4 c5 13. c4 Bb7 14. Re1 d4 15. b3 Bd6 16. Ba3 Qd7 17. Nxc5 Bxc5 18. Bxc5 Qc6 19. Qf3 Qxc5 20. Qxb7 Nh5 21. b4 Qg5 22. Qd5+ Qxd5 23. cxd5 Nf4 24. Bc4 Kh8 25. Rad1 Rab8 26. Rxd4 g5 27. a3 Rbe8 28.
Rde4 Rxe4 29. Rxe4 Rf7 30. d6 Rd7 31. Re8+ Kg7 32. Re7+ 1-0

[Event "Late-Titled-Tuesday-Blitz-September-12-2023"]
[Site "Chess.com"]
[Date "2023.09.12"]
[Round "5"]
[White "GoltsevDmitry2000"]
[Black "leoduarte"]
[Result "1-0"]
[WhiteElo "2628"]
[BlackElo "2451"]
[TimeControl "180+1"]
[EndTime "14:52:14 PDT"]
[Termination "GoltsevDmitry2000 won on time"]

1. e4 c5 2. Nf3 e6 3. d4 cxd4 4. Nxd4 Nf6 5. Nc3 Nc6 6. Be2 Bb4 7. Qd3 d5 8. exd5 Nxd5 9. Bd2 O-O 10. O-O-O Bxc3 11.
Bxc3 Nf4 12. Qf3 Nxd4 13. Rxd4 Nxe2+ 14. Qxe2 Qg5+ 15. Kb1 Qxg2 16. Qd1 e5 17. Rd3 Qg4 18. Qe1 f6 19. Rg1 Qf5 20. Rdg3 g6 21. h4 Be6 22.
Qe2 Rac8 23. h5 Bf7 24. hxg6 Bxg6 25. Ka1 Kh8 26. f4 Rfe8 27. fxe5 fxe5 28. Rg5 Qxc2 29. Qxc2 Bxc2 30. Rxe5 1-0

[Event "Late-Titled-Tuesday-Blitz-September-12-2023"]
[Site "Chess.com"]
[Date "2023.09.12"]
[Round "5"]
[White "GMKrikor"]
[Black "Orest_Vovk"]
[Result "1-0"]
[WhiteElo "2883"]
[BlackElo "2596"]
[TimeControl "180+1"]
[EndTime "14:52:15 PDT"]
[Termination "GMKrikor won on time"]

1. Nf3 h6 2. e4 g5 3. d4 Bg7 4.
Nc3 c5 5. dxc5 Bxc3+ 6. bxc3 Nc6 7. Be3 Qa5 8. Qd2 Nf6 9. Bd3 Ng4 10. Bd4 e5 11. h3 exd4 12. hxg4 dxc3 13. Qe3 d6 14. cxd6 Bxg4 15. Nxg5 Qe5 16. f4 Qxd6 17. e5 Qd5 18.
Ne4 O-O-O 19. Kf2 h5 20. Rab1 Kc7 21. Nd6 Rxd6 22. exd6+ Qxd6 23. Rhe1 Be6 24. Be4 b6 25. Qxc3 Qc5+ 26. Qxc5 bxc5 27. Rb5 1-0

[Event "Late-Titled-Tuesday-Blitz-September-12-2023"]
[Site "Chess.com"]
[Date "2023.09.12"]
[Round "5"]
[White "hellokostya"]
[Black "jraosam"]
[Result "1-0"]
[WhiteElo "2591"]
[BlackElo "2049"]
[TimeControl "180+1"]
[EndTime "14:52:16 PDT"]
[Termination "hellokostya won by resignation"]

1. Nf3 d5 2. e3 Nf6 3. c4 e6 4.
b3 Be7 5. Bb2 O-O 6. Nc3 b6 7.
g3 Bb7 8. Bg2 c5 9. cxd5 exd5 10.
d4 Nbd7 11. O-O Rc8 12. Rc1 Re8 13. Re1 h6 14. Ne2 Ne4 15. Nf4 Ndf6 16. Nd3 Ng4 17.
h3 Ngf6 18. Nf4 Bd6 19. Ne5 Qe7 20. Nfd3 Red8 21. Rc2 a5 22. Qc1 Ba6 23. Nf4 g5 24. Ne2 Bxe5 25. dxe5 Nd7 26. Nc3 Nxe5 27. Nxe4 dxe4 28.
Bxe4 Bd3 29. Bxe5 Bxe4 30. Ba1 Qe6 31. Kh2 Qf5 32. Rd2 Qf3 33. Rg1 f6 34. Qd1 Qf5 35. Rxd8+ 1-0

[Event "Late-Titled-Tuesday-Blitz-September-12-2023"]
[Site "Chess.com"]
[Date "2023.09.12"]
[Round "5"]
[White "Hasangatin_Ramil"]
[Black "rdarruda"]
[Result "1/2-1/2"]
[WhiteElo "2714"]
[BlackElo "2518"]
[TimeControl "180+1"]
[EndTime "14:52:17 PDT"]
[Termination "Game drawn by repetition"]

1. e4 c5 2. Nf3 Nc6 3. Bb5 g6 4. O-O Bg7 5. c3 Nf6 6. Qa4 O-O 7. d4 cxd4 8. cxd4 d6 9. d5 Nb8 10. Nc3 Bd7 11. Be3 a6 12. Bxd7 Nbxd7 13. Qb4 Qb8 14.
a4 Ng4 15. Bd4 Nge5 16. Nxe5 Nxe5 17. Rfd1 Rc8 18. Qb3 Qc7 19. a5 Rab8 20. Ra4 Nc4 21. Bxg7 Kxg7 22. Qa2 b5 23. axb6 Rxb6 24. b3 Nb2 25.
Qxb2 Qxc3 26. Qxc3+ Rxc3 27. Rda1 Rcxb3 28. f3 Rb1+ 29. Rxb1 Rxb1+ 30. Kf2 Rb6 31. h4 h5 32. g4 Kf6 33. gxh5 gxh5 34. f4 e5 35. dxe6 fxe6 36. Ra5 Kg6 37. Rg5+ Kh6 38. Ra5 Kg6 39. Rg5+ Kh6 40.
Ra5 Kg6 1/2-1/2

[Event "Late-Titled-Tuesday-Blitz-September-12-2023"]
[Site "Chess.com"]
[Date "2023.09.12"]
[Round "5"]
[White "adiosabu"]
[Black "Harald_Schmidt"]
[Result "1-0"]
[WhiteElo "2597"]
[BlackElo "2287"]
[TimeControl "180+1"]
[EndTime "14:52:19 PDT"]
[Termination "adiosabu won by checkmate"]

1. d4 d5 2. Nf3 c6 3. h3 Bf5 4.
Bf4 e6 5. Nbd2 Nf6 6. e3 Bd6 7.
Bxd6 Qxd6 8. Be2 c5 9. c3 Nc6 10. Bb5 O-O 11. O-O h6 12. Bxc6 bxc6 13. Nb3 Nd7 14. Na5 Rfb8 15. Qd2 Rb5 16. c4 Rbb8 17. a3 cxd4 18. Nxd4 Be4 19. Naxc6 e5 20. Nxb8 exd4 21. Nxd7 d3 22. f3 Bg6 23. cxd5 Qxd5 24. e4 Qxd7 25.
Rfd1 Rd8 26. Rac1 f5 27. Qb4 fxe4 28. fxe4 Kh7 29. Rc3 Re8 30. Rcxd3 Qc7 31. Rd7 Qg3 32. Qc3 Qg5 33. Qxg7# 1-0

[Event "Late-Titled-Tuesday-Blitz-September-12-2023"]
[Site "Chess.com"]
[Date "2023.09.12"]
[Round "5"]
[White "TERMINATOR_PC"]
[Black "IMSlavin"]
[Result "1-0"]
[WhiteElo "2540"]
[BlackElo "2233"]
[TimeControl "180+1"]
[EndTime "14:52:21 PDT"]
[Termination "TERMINATOR_PC won on time"]

1. e4 Nc6 2. Nf3 d6 3. d4 Nf6 4. Nc3 Bg4 5. Be2 e5 6. d5 Ne7 7. Be3 Ng6 8. Nd2 Bd7 9. g3 Be7 10. h4 h6 11. h5 Nf8 12. Nc4 N8h7 13. f3 a6 14. Qd2 O-O 15. f4 b5 16. fxe5 bxc4 17. exf6 Bxf6 18. Bxc4 Re8 19. O-O-O Bg4 20. Rdf1 Ng5 21. Kb1 Nxe4 22. Nxe4 Rxe4 23. Rf4 Rxf4 24.
gxf4 Bf5 25. Rg1 Rb8 26. Bd4 a5 27. Qc3 Bxd4 28. Qxd4 Qf8 29. a3 Kh7 30. Bd3 Bxd3 31. Qxd3+ Kg8 32. Qc3 Rb7 33. f5 Kh7 34. f6 g6 35. Qc6 Qb8 36. hxg6+ fxg6 37. Qd7+ 1-0

[Event "Late-Titled-Tuesday-Blitz-September-12-2023"]
[Site "Chess.com"]
[Date "2023.09.12"]
[Round "5"]
[White "TanitoluwaAps116"]
[Black "zverr1"]
[Result "0-1"]
[WhiteElo "2694"]
[BlackElo "2488"]
[TimeControl "180+1"]
[EndTime "14:52:21 PDT"]
[Termination "zverr1 won by checkmate"]

1. e4 c5 2. Nf3 d6 3. Bb5+ Bd7 4. Bxd7+ Qxd7 5. c4 Nf6 6. Nc3 g6 7. d4 cxd4 8. Nxd4 Bg7 9. f3 O-O 10. Be3 Qc7 11. b3 Qa5 12. Qd2 Nc6 13. O-O Rfc8 14. Rac1 a6 15. a4 Nd7 16. Rfd1 Nc5 17. Rb1 Qb4 18. Qc2 Nxd4 19. Bxd4 Bxd4+ 20. Rxd4 Ne6 21. Rd3 b5 22. axb5 axb5 23. Nd5 Qc5+ 24. Kf1 Ra7 25. Rc1 bxc4 26. Rc3 Nd4 27. Qd2 Nxb3 28. Rxb3 cxb3 29. Rxc5 Rxc5 30. Qb4 Ra2 31. Qb8+ Kg7 32. Ke1 Rc1# 0-1

[Event "Late-Titled-Tuesday-Blitz-September-12-2023"]
[Site "Chess.com"]
[Date "2023.09.12"]
[Round "5"]
[White "Casper"]
[Black "atigerman"]
[Result "0-1"]
[WhiteElo "2465"]
[BlackElo "2690"]
[TimeControl "180+1"]
[EndTime "14:52:23 PDT"]
[Termination "atigerman won on time"]

1. e4 Nf6 2. Nc3 d6 3. d4 g6 4.
Nf3 Bg7 5. Be2 O-O 6. O-O a6 7. a4 Nc6 8. h3 b6 9. Be3 Nb4 10. d5 Bb7 11. Nd4 c5 12. dxc6 Nxc6 13. Nxc6 Bxc6 14.
Bf3 Nd7 15. Bd4 e5 16. Be3 Nc5 17.
b4 Ne6 18. Nd5 Nd4 19. c3 Nxf3+ 20. Qxf3 Bxd5 21. exd5 Rc8 22. Rfc1 f5 23. a5 b5 24. Qe2 Qh4 25. Kh2 f4 26. Bb6 f3 27. gxf3 Rc4 28. Rg1 Rxc3 29. Rac1 Rcxf3 0-1

[Event "Late-Titled-Tuesday-Blitz-September-12-2023"]
[Site "Chess.com"]
[Date "2023.09.12"]
[Round "5"]
[White "K_A_S_T_O_R"]
[Black "Qvalda"]
[Result "1-0"]
[WhiteElo "2928"]
[BlackElo "2348"]
[TimeControl "180+1"]
[EndTime "14:52:23 PDT"]
[Termination "K_A_S_T_O_R won on time"]

1. e4 e6 2. d4 d5 3. Nc3 Be7 4. Nf3 Nf6 5. Bd3 c5 6. exd5 exd5 7. dxc5 Bxc5 8. Bg5 O-O 9. O-O Be6 10. Qd2 Nc6 11. h3 d4 12. Bxf6 Qxf6 13. Ne4 Qe7 14. Neg5 h6 15. Nxe6 Qxe6 16. Rfe1 Qf6 17. Re4 Rae8 18.
Qe2 Rxe4 19. Qxe4 g6 20. a3 Kg7 21. Re1 Bb6 22. g3 Nd8 23. Kg2 Ne6 24. Qxb7 Rd8 25.
Qe4 Rc8 26. Qe5 Rc5 27. Qxf6+ Kxf6 28. Nd2 Re5 29. Ne4+ Ke7 30. f4 Rh5 31. Bc4 Ra5 32. Bxe6 fxe6 33. Nf2 Rc5 34. Re2 Rb5 35. Nd3 a5 36. a4 Rd5 37. Kf3 Kf6 38. b3 Rd8 39. Ne5 Bc7 40. Ng4+ Ke7 41. Ke4 h5 42. Nf2 Rc8 43.
Nd3 Bb6 44. Ne5 Kd6 45. Nc4+ Kc5 46. Kd3 1-0

[Event "Late-Titled-Tuesday-Blitz-September-12-2023"]
[Site "Chess.com"]
[Date "2023.09.12"]
[Round "5"]
[White "ilya2700"]
[Black "Sjakkerntobi"]
[Result "1-0"]
[WhiteElo "2302"]
[BlackElo "2505"]
[TimeControl "180+1"]
[EndTime "14:52:24 PDT"]
[Termination "ilya2700 won by resignation"]

1. c4 c5 2. Nc3 g6 3. Nf3 Bg7 4. d4 cxd4 5. Nxd4 Nc6 6. Nc2 Nf6 7. g3 O-O 8. Bg2 d6 9. O-O Be6 10. b3 Qd7 11. Re1 Rfd8 12. Bb2 a6 13. Nd5 Bxd5 14. cxd5 Nb8 15. Nd4 Qe8 16. Rc1 Nbd7 17. Rc7 Rab8 18. b4 Rdc8 19. Qc2 Nb6 20. e4 Qd8 21. Rc1 Ne8 22. Rxc8 Rxc8 23. Qd1 Rxc1 24. Qxc1 Qc7 25. Qxc7 Nxc7 26. Ba1 Nb5 27. Nb3 Bxa1 28. Nxa1 Nc3 29.
a3 Nc4 30. Nc2 Nb5 31. a4 Nc3 32. a5 Nd2 33. Bh3 f5 34. exf5 Nxd5 35. fxg6 hxg6 36. Be6+ Kg7 37. Bxd5 1-0

[Event "Late-Titled-Tuesday-Blitz-September-12-2023"]
[Site "Chess.com"]
[Date "2023.09.12"]
[Round "5"]
[White "SergioMoralesG"]
[Black "Big_Finky"]
[Result "1-0"]
[WhiteElo "2411"]
[BlackElo "2269"]
[TimeControl "180+1"]
[EndTime "14:52:24 PDT"]
[Termination "SergioMoralesG won on time"]

1. d4 d5 2. c4 c6 3. Nf3 Nf6 4.
Nc3 dxc4 5. a4 Bf5 6. e3 e6 7.
Bxc4 Bb4 8. O-O O-O 9. Na2 Be7 10. b3 Nbd7 11. Bb2 c5 12. Rc1 Rc8 13. h3 h6 14.
Qe2 Nb6 15. Bd3 Bxd3 16. Qxd3 cxd4 17. Bxd4 Qd5 18. Rfd1 Rxc1 19. Nxc1 Rd8 20. Ne2 Qa5 21. Qc2 Nbd5 22. Ne5 Qb4 23. Bxa7 Qa3 24. Bd4 Nb4 25. Qc4 Nc6 26. Nxc6 bxc6 27. Ra1 1-0

[Event "Late-Titled-Tuesday-Blitz-September-12-2023"]
[Site "Chess.com"]
[Date "2023.09.12"]
[Round "5"]
[White "Aleksandar-Topalov"]
[Black "chessisveryfun1264"]
[Result "0-1"]
[WhiteElo "2359"]
[BlackElo "2540"]
[TimeControl "180+1"]
[EndTime "14:52:28 PDT"]
[Termination "chessisveryfun1264 won by resignation"]

1. b3 e5 2. Bb2 Nc6 3. c4 g6 4. Nc3 Bg7 5. g3 Nge7 6. Bg2 d6 7. a3 O-O 8. e3 Be6 9. Nd5 Qd7 10. Ne2 f5 11.
O-O Nd8 12. d4 e4 13. Nxe7+ Qxe7 14. Qc2 c6 15. Nf4 Bf7 16. d5 g5 17. Bxg7 Kxg7 18.
Ne2 cxd5 19. cxd5 Bxd5 20. Rfd1 Bf7 21. Nd4 Be6 22. Rac1 Kg6 23. Nb5 Rc8 24. Qb2 Rxc1 25. Qxc1 Nf7 26. Qb2 a6 27. Nd4 Ne5 28. Bf1 Rc8 29. Rc1 Rxc1 30. Qxc1 Qd7 31. Be2 Qc8 32. Qb2 b5 33. b4 Bc4 34. Bxc4 Qxc4 35. Qd2 Qxd4 36. Qxd4 Nf3+ 37. Kf1 Nxd4 38. exd4 Kf6 0-1

[Event "Late-Titled-Tuesday-Blitz-September-12-2023"]
[Site "Chess.com"]
[Date "2023.09.12"]
[Round "5"]
[White "Der_Honigdachs"]
[Black "GAO"]
[Result "1-0"]
[WhiteElo "2535"]
[BlackElo "2340"]
[TimeControl "180+1"]
[EndTime "14:52:28 PDT"]
[Termination "Der_Honigdachs won on time"]

1. e4 c5 2. Nc3 Nc6 3. Nf3 g6 4.
Bb5 Bg7 5. O-O e5 6. d3 Nge7 7. Bg5 f6 8. Be3 Nd4 9. Bc4 a6 10. a4 d6 11. a5 Bg4 12. Bxd4 cxd4 13. Nd5 Nxd5 14. Bxd5 Qe7 15. h3 Be6 16. Re1 O-O 17. Qb1 Bxd5 18. exd5 Qc7 19. Ra4 Rac8 20. Re2 Qc5 21.
Qa2 Rc7 22. Rc4 Qxd5 23. Nd2 Bh6 24. Ne4 Rxc4 25. dxc4 Qe6 26. Nxd6 Rb8 27. b4 Kg7 28. Ne4 Rc8 29. Nc5 Qe7 30. Qb3 Kh8 31. Qf3 Bf8 32. Qd5 Rc6 33. f4 Qd6 34. fxe5 fxe5 35. Rxe5 Qxd5 36.
Rxd5 b6 37. axb6 Rxb6 38. Nd7 1-0

[Event "Late-Titled-Tuesday-Blitz-September-12-2023"]
[Site "Chess.com"]
[Date "2023.09.12"]
[Round "5"]
[White "dropstoneDP"]
[Black "baki83"]
[Result "1-0"]
[WhiteElo "3029"]
[BlackElo "2836"]
[TimeControl "180+1"]
[EndTime "14:52:29 PDT"]
[Termination "dropstoneDP won by resignation"]

1. e4 c5 2. Nf3 d6 3. d4 cxd4 4. Nxd4 Nf6 5. Nc3 Nc6 6. Bg5 e6 7. Qd2 a6 8. Nxc6 bxc6 9. O-O-O Bb7 10. Bc4 Qc7 11. Qe2 Nd7 12. f4 h6 13. Bh4 Nb6 14.
Bb3 a5 15. a4 Ba6 16. Qh5 Rb8 17. Bxe6 g6 18. Qg4 Bg7 19. Bb3 Nc4 20. e5 O-O 21. exd6 Nxd6 22. Qxg6 Nc4 23. Qg3 Kh8 24. f5 Qxg3 25. hxg3 Be5 26. Bg5 Rfe8 27. Rxh6+ Kg8 28. f6 1-0

[Event "Late-Titled-Tuesday-Blitz-September-12-2023"]
[Site "Chess.com"]
[Date "2023.09.12"]
[Round "5"]
[White "RCone"]
[Black "Bodhanas"]
[Result "0-1"]
[WhiteElo "2319"]
[BlackElo "1872"]
[TimeControl "180+1"]
[EndTime "14:52:30 PDT"]
[Termination "Bodhanas won by checkmate"]

1. e4 e6 2. d4 d5 3. e5 c5 4. c3 Nc6 5. Nf3 Bd7 6. dxc5 Bxc5 7. b4 Bb6 8. b5 Na5 9. a4 Ne7 10. Bd3 h6 11. O-O O-O 12. Nd4 Bxd4 13. cxd4 Rc8 14.
Qg4 Nf5 15. Ba3 Re8 16. Nd2 Qg5 17. Bxf5 exf5 18. Qxg5 hxg5 19. Bb4 Nc4 20. Nb3 b6 21. Rfc1 Nb2 22. Bd6 Nd3 23. Rd1 Nf4 24. g3 Ne2+ 25.
Kf1 Nc3 26. Rdc1 g4 27. Ke1 Ne4 28. Ke2 Nxd6 29. Kd3 Nc4 30. Ra2 f6 31. exf6 gxf6 32. h3 gxh3 33. Rh1 f4 34. gxf4 Bf5+ 35. Kc3 Ne3+ 36.
Kb4 Rc4+ 37. Ka3 Nc2+ 38. Kb2 Nxd4 39. Rg1+ Kf7 40. Rg3 Rc2+ 41. Ka3 Rxa2+ 42. Kxa2 Nxb3 43. Kxb3 Re2 44. Rc3 h2 45. Rc7+ Ke6 46. Rxa7 h1=Q 47.
Rb7 Qb1+ 48. Kc3 Rc2+ 49. Kd4 Qb4+ 50. Ke3 Qe4# 0-1

[Event "Late-Titled-Tuesday-Blitz-September-12-2023"]
[Site "Chess.com"]
[Date "2023.09.12"]
[Round "5"]
[White "Macron20hTF1"]
[Black "tptagain"]
[Result "0-1"]
[WhiteElo "2627"]
[BlackElo "2938"]
[TimeControl "180+1"]
[EndTime "14:52:33 PDT"]
[Termination "tptagain won by resignation"]

1. Nf3 d5 2. e3 e6 3. c4 Nf6 4. Nc3 Nbd7 5. b3 b6 6. Bb2 Bb7 7. cxd5 exd5 8. Ne2 Bd6 9. g3 O-O 10. Bg2 c5 11. O-O Re8 12. d4 c4 13. bxc4 dxc4 14. Qc2 b5 15. a4 Be4 16. Qc1 Bd3 17. Re1 b4 18. Ne5 Rc8 19. Nf4 Nxe5 20. dxe5 Bxe5 21. Bxe5 Rxe5 22. Qb2 Qe7 23. Nxd3 cxd3 24. Red1 Rc3 25. a5 h5 26. Ra4 Rb5 27. Bf1 Qe4 28. Rb1 Rc2 29. Qb3 Qf3 0-1

[Event "Late-Titled-Tuesday-Blitz-September-12-2023"]
[Site "Chess.com"]
[Date "2023.09.12"]
[Round "5"]
[White "Good_Knight_Kiss"]
[Black "canary2016"]
[Result "1-0"]
[WhiteElo "2344"]
[BlackElo "2093"]
[TimeControl "180+1"]
[EndTime "14:52:35 PDT"]
[Termination "Good_Knight_Kiss won on time"]

1. e4 c5 2. Nf3 d6 3. d4 cxd4 4. Nxd4 Nf6 5. Nc3 Nc6 6. Nd5 e6 7. Nxf6+ Qxf6 8. Nb5 Qd8 9. c4 Be7 10. Bf4 e5 11. Be3 O-O 12. Qd2 f5 13. exf5 Bxf5 14. Be2 Rc8 15. O-O a6 16. Nc3 Rf6 17. Nd5 Rg6 18. Bh5 Re6 19. Rad1 Bf6 20. Rfe1 Ne7 21. c5 Nxd5 22. Qxd5 Kh8 23. cxd6 Rc6 24. d7 Red6 25. Qxd6 Rxd6 26. Rxd6 Be7 27. Rd2 Bxd7 28. Red1 g6 29. Rxd7 Qb6 30. Bxb6 1-0